 Dungeon Crawl Stone Soup version 0.28.0-53-g5a82cb258f (webtiles) character file.

Game seed: 4251596040362923864

76 protoss039 the Digger (level 4, -7/33 HPs)
             Began as a Demonspawn Earth Elementalist on June 15, 2022.
             Mangled by a gnoll
             ... wielding a +0 whip
              (9 damage)
             ... on level 2 of the Dungeon.
             The game lasted 00:03:22 (1961 turns).

protoss039 the Digger (DsEE)                        Turns: 1961, Time: 00:03:22

Health: -7/33      AC:  2    Str:  8    XL:     4   Next: 12%
Magic:  0/7        EV: 12    Int: 18    God:
Gold:   2          SH:  4    Dex: 14    Spells: 5/8 levels left

rFire   . . .      SeeInvis +   (no weapon)
rCold   . . .      Faith    .   (no shield)
rNeg    . . .      Spirit   .   b - +0 robe
rPois   .          Reflect  .   (helmet restricted)
rElec   .          Harm     .   (no cloak)
rCorr   .          Rampage  .   (no gloves)
Will    .....                   (no boots)
Stlth   ++........              (no amulet)
HPRegen 0.11/turn               f - ring of see invisible
MPRegen 0.10/turn               (no ring)

@: no status effects
A: horns 1, large bone plates 1
a: no special abilities


You were on level 2 of the Dungeon.
You visited 1 branch of the dungeon, and saw 2 of its levels.

You collected 2 gold pieces.

Inventory:

Missiles
 c - 10 stones (quivered)
Armour
 b - a +0 robe (worn)
Jewellery
 f - a ring of see invisible (left hand)
Scrolls
 g - a scroll of enchant armour
 h - a scroll of magic mapping {unknown}
Potions
 d - a potion of flight {unknown}
 i - a potion of curing {unknown}


   Skills:
 * Level 2.2 Fighting
 + Level 1.3 Armour
 - Level 1.7 Dodging
 - Level 1.7 Stealth
 + Level 2.5 Spellcasting
 - Level 1.0 Transmutations
 + Level 3.1 Earth Magic


You had 5 spell levels left.
You knew the following spells:

 Your Spells              Type           Power      Damage    Failure   Level
a - Sandblast             Erth           26%        2d8       4%          1
b - Passwall              Tmut/Erth      7%         N/A       11%         2

Your spell library contained the following spells:

 Spells                   Type           Power      Damage    Failure   Level
 Stone Arrow              Conj/Erth      14%        3d7       26%         3
 Petrify                  Tmut/Erth      9%         N/A       58%         4


Dungeon Overview and Level Annotations

Branches:
Dungeon (2/15)

Altars:


Innate Abilities, Weirdness & Mutations

You have a pair of small horns on your head.
You are partially covered in large bone plates. (SH +4)


Message History

Aim: an adder (almost dead, 38% to hit)
You throw a throwing net. The throwing net hits the adder.
The adder is caught in the net!
The adder is almost dead.
The adder struggles against the net. x2
Unknown command.
Unknown command.
You hit the adder but do no damage.
The adder is almost dead.
The adder struggles against the net.
You barely miss the adder.
The adder is almost dead.
The adder struggles against the net.
The net rips apart, and the adder comes free!
Casting: Sandblast (safe; 4% risk of failure)
Confirm with . or Enter, or press ? or * to list all spells.
Aiming: Sandblast (safe; 4% risk of failure)
Press: ? - help, Shift-Dir - straight line, f/p - adder
Aim: an adder (almost dead, 66% to hit)
The blast of sand hits the adder.
You kill the adder!
c - 10 stones You have reached level 4!
You feel agile.
Your demonic ancestry asserts itself...
A pair of horns grows on your head!
You hit the gnoll.
The gnoll is lightly wounded.
The gnoll hits you with a +0 whip!
* * * LOW HITPOINT WARNING * * *
You hit the gnoll but do no damage.
The gnoll is lightly wounded.
The gnoll hits you with a +0 whip.
* * * LOW HITPOINT WARNING * * *
You hit the gnoll.
The gnoll is moderately wounded.
You block the gnoll's attack.
You completely miss the gnoll.
The gnoll is moderately wounded.
The gnoll hits you with a +0 whip!
You die...

# #. ############ #.#
#..........# ###
#.##.########.###
..###...########....
#.#.##.............
#.#########.###.############
#...)(.)!.g@# #.# #
.$############ #.# #.# # #.#
### #.# #.. #.# #.# #.# ##.#
##... ##....


You could see a gnoll.

Vanquished Creatures
  2 gnolls (D:2)
  2 adders (D:2)
  2 dart slugs
  An endoplasm (D:2)
  5 giant cockroaches
  2 goblins (D:2)
  4 hobgoblins
  2 quokkas (D:1)
  A ball python (D:1)
  3 bats (D:1)
  6 frilled lizards
  8 rats
38 creatures vanquished.

Notes
Turn   | Place    | Note
-------+----------+-------------------------------------------
     0 | D:1      | protoss039 the Demonspawn Earth Elementalist began the
                  | quest for the Orb.
     0 | D:1      | Reached XP level 1. HP: 13/13 MP: 3/3
   104 | D:1      | Reached skill level 1 in Transmutations
   624 | D:1      | Gained mutation: You are partially covered in large bone
                  | plates. (SH +4) [demonic ancestry]
   624 | D:1      | Reached XP level 2. HP: 20/20 MP: 0/5
   804 | D:1      | Reached skill level 1 in Fighting
   912 | D:1      | Found a faded altar of an unknown god.
  1333 | D:1      | Learned a level 2 spell: Passwall
  1413 | D:2      | Reached XP level 3. HP: 17/26 MP: 0/6
  1687 | D:2      | Reached skill level 1 in Armour
  1687 | D:2      | Reached skill level 3 in Earth Magic
  1958 | D:2      | Gained mutation: You have a pair of small horns on your
                  | head. [demonic ancestry]
  1958 | D:2      | Reached XP level 4. HP: 12/33 MP: 0/7
  1961 | D:2      | Mangled by a gnoll

Illustrated notes

Levels and vault maps discovered:
D:1:      ncdulo_smallfort, layout_rooms, shapermc_ecumenical_altar_ellora
D:2:      layout_loops_ring, serial_shops, shop

Skill      XL: |  1  2  3 |
---------------+----------+-----
Transmutations | 1 |  1.0
Fighting       | 1 2 |  2.2
Armour         | 1 |  1.3
Earth Magic    | 3 |  3.1
Dodging        | |  1.7
Stealth        | |  1.7
Spellcasting   | |  2.5

Action                   |  1- 3 |  4- 6 || total
-------------------------+-------+-------++-------
Melee: Unarmed           |    73 |     4 ||    77
       Punch             |     1 |       ||     1
Throw: Throwing net      |     1 |       ||     1
 Cast: Sandblast         |    56 |       ||    56
  Use: Scroll            |     3 |       ||     3
 Stab: Sleeping          |     1 |       ||     1
Armor: Robe              |    18 |       ||    18
Dodge: Dodged            |    56 |       ||    56
Block: Other             |    10 |     1 ||    11
